 Dungeon Crawl Stone Soup version 0.21.1-1-g345015fe64 (webtiles) character file.

371 Kohma the Shield-Bearer (level 6, 0/39 HPs)
             Began as a Gargoyle Fighter on June 17, 2018.
             Slain by Duvessa
             ... wielding a +0 short sword
              (6 damage)
             ... on level 4 of the Dungeon.
             The game lasted 00:06:53 (2596 turns).

Kohma the Shield-Bearer (Gargoyle Fighter)          Turns: 2596, Time: 00:06:53

Health: 0/39       AC: 12    Str: 22    XL:     6   Next: 70%
Magic:  6/6        EV:  7    Int:  8    God:
Gold:   121        SH: 10    Dex:  9    Spells: 5/5 levels left

rFire    . . .     SeeInvis .   a - +1 flail
rCold    . . .     Gourm    .   c - +0 shield
rNeg     + . .     Faith    .   b - +0 scale mail
rPois    ∞         Spirit   .   (no helmet)
rElec    +         Reflect  .   v - +0 cloak
rCorr    .         Harm     .   (no gloves)
MR       .....                  (no boots)
Stlth    ..........             (no amulet)
HPRegen  0.13/turn              (no ring)
MPRegen  0.10/turn              (no ring)

@: no status effects
A: negative energy resistance 1, electricity resistance, unbreathing,
petrification resistance, rot immunity, AC +4
a: no special abilities


You were on level 4 of the Dungeon.
You were not hungry.

You visited 1 branch of the dungeon, and saw 5 of its levels.

You collected 121 gold pieces.

Inventory:

Hand Weapons
 a - a +1 flail (weapon)
Missiles
 o - 2 throwing nets (quivered)
 p - 6 poisoned javelins
Armour
 b - a +0 scale mail (worn)
 c - a +0 shield (worn)
 v - a +0 cloak (worn)
Jewellery
 e - an uncursed ring of fire {unknown}
 i - an uncursed ring of see invisible {unknown}
 j - an uncursed amulet of harm {unknown}
Potions
 d - 2 potions of might
 h - 4 potions of ambrosia
 k - a potion of cancellation {unknown}
 l - a potion of degeneration {unknown}
 q - 2 potions of resistance {unknown}
 r - 2 potions of flight
 w - a potion of heal wounds {unknown}
Comestibles
 f - 5 rations
 g - 2 chunks of flesh


   Skills:
 + Level 4.5 Fighting
 * Level 4.2 Maces & Flails
 + Level 4.3 Armour
 * Level 5.2 Shields


You had 5 spell levels left.
You didn't know any spells.

Dungeon Overview and Level Annotations

Branches:
Dungeon (5/15)
 Temple: D:4-7

Altars:
Elyvilon

Annotations:
D:4 Duvessa


Innate Abilities, Weirdness & Mutations

You are resistant to torment.
Your stone body is resilient. (AC +4)
You are immune to poison.
You resist negative energy. (rN+)
You are resistant to electric shocks. (rElec)
You can survive without breathing.
You are immune to petrification.
You are immune to rotting.


Message History

You sock Dowan!
You kill Dowan!
Duvessa screams in rage.
Duvessa goes berserk!
Duvessa completely misses you. Duvessa hits you with a short sword!
Duvessa hits you with a short sword.
Things that are here:
a dagger; a robe You hit Duvessa.
Duvessa is heavily wounded.
Duvessa hits you with a short sword.
* * * LOW HITPOINT WARNING * * *
Duvessa barely misses you.
You closely miss Duvessa.
Duvessa is heavily wounded.
You block Duvessa's attack. Duvessa hits you with a short sword.
* * * LOW HITPOINT WARNING * * *
You hit Duvessa but do no damage.
Duvessa is heavily wounded.
Duvessa hits you with a short sword.
You die...

#..#.#.#.#
#.#***
#........#
#..*,,
#.....####
##.*,*
##.#####
*.*,*
#....#
*,*,*
####.#
*,*,* #.#
*******,*,*
#.#
*,,,,,*,*,*
#@#
*,*,,,*,*,*
#e#
*,*,,,*,*,*
#.#
*,*,,,,,*,*
#.#
*,*,,,,,*+,
#.#
*,*,,,,,,**
#.#
*,*,,,,,,*
#.#
*,***+*****
#.# *,*
*,*,,,, #.#
*,* *,*,***


You could see Duvessa (berserk).

Vanquished Creatures
  A scorpion (D:4)
  Dowan (D:4)
  2 orc priests
  A worker ant (D:2)
  2 orc wizards (D:3)
  5 adders (D:3)
  An adder skeleton (D:4)
  A dart slug (D:1)
  A leopard gecko (D:3)
  11 orcs (D:3)
  5 bats
  A giant cockroach (D:2)
  12 hobgoblins
  8 kobolds
  A quokka (D:2)
  A ball python (D:4)
  4 frilled lizards
  8 goblins
  5 rats
71 creatures vanquished.

Notes
Turn   | Place    | Note
-------+----------+-------------------------------------------
     0 | D:1      | Kohma the Gargoyle Fighter began the quest for the Orb.
     0 | D:1      | Reached XP level 1. HP: 14/14 MP: 1/1
    78 | D:1      | Reached XP level 2. HP: 19/19 MP: 2/2
   527 | D:2      | Reached XP level 3. HP: 23/23 MP: 3/3
   758 | D:2      | Reached skill level 4 in Shields
   758 | D:2      | Reached XP level 4. HP: 23/29 MP: 4/4
  1383 | D:3      | Reached XP level 5. HP: 29/33 MP: 5/5
  1502 | D:3      | Found a white marble altar of Elyvilon.
  2056 | D:3      | Reached XP level 6. HP: 24/38 MP: 6/6
  2180 | D:4      | Reached skill level 5 in Shields
  2489 | D:5      | Entered Level 5 of the Dungeon
  2574 | D:4      | Noticed Duvessa
  2575 | D:4      | Noticed Dowan
  2592 | D:4      | Killed Dowan
  2596 | D:4      | Slain by Duvessa

Skill      XL: |  1  2  3  4  5  6 |
---------------+-------------------+-----
Shields        | 4 5 |  5.2
Maces & Flails | 3 4 |  4.2
Fighting       | 4 |  4.5
Armour         | 4 |  4.3

Action                   |  1- 3 |  4- 6 || total
-------------------------+-------+-------++-------
Melee: Flail             |    93 |   220 ||   313
  Use: Scroll            |       |     7 ||     7
  Eat: Chunk             |       |     4 ||     4
       Ration            |       |     1 ||     1
Armor: Scale mail        |    38 |   104 ||   142
Dodge: Dodged            |    32 |    71 ||   103
Block: Shield            |    41 |    93 ||   134
